 Dungeon Crawl Stone Soup version 0.20.1-1-g8b1a95d (webtiles) character file.

266 KrisztiCat the Poker (level 6, -11/79 HPs)
             Began as a Minotaur Berserker on Nov 11, 2017.
             Was a Priest of Trog.
             Mangled by Thaneod's ghost (17 damage)
             ... on level 5 of the Dungeon.
             The game lasted 00:14:29 (2382 turns).

KrisztiCat the Poker (Minotaur Berserker)           Turns: 2382, Time: 00:14:30

Health: -11/79     AC:  7    Str: 29    XL:     6   Next: 0%
Magic:  5/5        EV: 11    Int:  4    God:    Trog [***...]
Gold:   176        SH:  0    Dex:  9    Spells: 5/5 levels left

rFire    . . .     SeeInvis .   a - +0 spear
rCold    . . .     Gourm    .   (no shield)
rNeg     . . .     Faith    .   m - +0 scale mail
rPois    .         Spirit   .   (helmet restricted)
rElec    .         Reflect  .   (no cloak)
rCorr    .         Harm     .   (no gloves)
MR       .....                  s - +0 pair of boots
Stlth    ..........             (no amulet)
Regen    0.3/turn               (no ring)
MPRegen  0.1/turn               (no ring)

@: berserking, very quick
A: retaliatory headbutt, horns 2
a: Berserk, Trog's Hand, Burn Spellbooks, Renounce Religion


You were on level 5 of the Dungeon.
You worshipped Trog.
Trog was most pleased with you.
You were very hungry.

You visited 1 branch of the dungeon, and saw 5 of its levels.

You collected 176 gold pieces.

Inventory:

Hand Weapons
 a - a +0 spear (weapon)
Armour
 b - a +0 animal skin
 m - a +0 scale mail (worn)
 s - a +0 pair of boots (worn)
Jewellery
 e - an uncursed ring of flight {unknown}
 j - an uncursed ring of positive energy {unknown}
 l - an uncursed ring of stealth {unknown}
 r - a cursed ring of loudness {unknown}
 t - a cursed amulet of inaccuracy {unknown}
Scrolls
 d - a scroll of fog {unknown}
 f - a scroll of amnesia {unknown}
 g - 2 scrolls of remove curse {unknown}
 i - a scroll of identify
 o - a scroll of teleportation {unknown}
 q - a scroll of fear {unknown}
Potions
 h - a potion of berserk rage
 n - a potion of curing
 u - a potion of brilliance
 v - a potion of ambrosia {unknown}
 w - a potion of resistance {unknown}
Comestibles
 c - 4 bread rations
 k - a royal jelly
 p - 2 meat rations


   Skills:
 + Level 4.7 Fighting
 + Level 6.2 Polearms
 + Level 2.4 Armour
 + Level 3.3 Dodging
 + Level 1.9 Stealth


You had 5 spell levels left.
You didn't know any spells.

Dungeon Overview and Level Annotations

Branches:
Dungeon (5/15)
 Temple: D:4-7

Altars:

Annotations:
D:5 Thaneod's ghost, novice MiGl


Innate Abilities, Weirdness & Mutations

You reflexively headbutt those who attack you in melee.
You have a pair of horns on your head.


Message History

Thaneod's ghost turns its malevolent gaze towards you.
There is a stone staircase leading up here.
Thaneod's ghost hits you!
A red film seems to cover your vision as you go berserk!
You feel yourself moving faster!
You feel mighty!
You are feeling very hungry.
Thaneod's ghost hits you!
* * * LOW HITPOINT WARNING * * *
You puncture Thaneod's ghost!
Thaneod's ghost is lightly damaged.
Thaneod's ghost hits you!
* * * LOW HITPOINT WARNING * * *
You puncture Thaneod's ghost!
Thaneod's ghost is moderately damaged.
You hit Thaneod's ghost but do no damage.
Thaneod's ghost is moderately damaged.
You hit Thaneod's ghost but do no damage.
Thaneod's ghost is moderately damaged.
Thaneod's ghost hits you!
You die...

##..###.....
#.......#
#..h<...#
#........#
#.##..##..#
#.##$## ...
#h##.. .
#W##..
##@###.
#<..# .%
#..## #..#
#..# ..##
.## .#


You could see a hound and Thaneod's ghost.

Vanquished Creatures
  A worker ant (D:4)
  Robin (D:2)
  5 adders
  7 gnolls
  2 oozes (D:1)
  3 worms
  5 dart slugs
  2 leopard geckos (D:1)
  2 orcs (D:3)
  8 bats
  3 giant cockroaches
  18 goblins
  14 hobgoblins
  A quokka (D:3)
  2 ball pythons (D:1)
  4 frilled lizards
  5 kobolds
  11 rats
94 creatures vanquished.

Notes
Turn   | Place    | Note
-------+----------+-------------------------------------------
     0 | D:1      | KrisztiCat the Minotaur Berserker began the quest for the Orb.
     0 | D:1      | Reached XP level 1. HP: 19/19 MP: 0/0
    64 | D:1      | Reached skill level 4 in Polearms
    64 | D:1      | Reached XP level 2. HP: 27/27 MP: 1/1
   288 | D:1      | Reached XP level 3. HP: 30/33 MP: 2/2
   329 | D:1      | Reached ** piety under Trog
   786 | D:1      | Reached XP level 4. HP: 36/41 MP: 3/3
  1028 | D:2      | Reached skill level 5 in Polearms
  1028 | D:2      | Reached skill level 1 in Stealth
  1143 | D:2      | Noticed Robin
  1160 | D:2      | Killed Robin
  1162 | D:2      | Reached *** piety under Trog
  1167 | D:2      | Reached XP level 5. HP: 30/47 MP: 4/4
  2319 | D:4      | Reached skill level 6 in Polearms
  2324 | D:4      | Reached XP level 6. HP: 26/53 MP: 5/5
  2361 | D:5      | Entered Level 5 of the Dungeon
  2376 | D:5      | Noticed Thaneod's ghost (novice MiGl)
  2382 | D:5      | Mangled by Thaneod's ghost

Skill      XL: |  1  2  3  4  5 |
---------------+----------------+-----
Polearms       | 4 5 6 |  6.2
Fighting       | 4 |  4.7
Stealth        | 1 |  1.9
Dodging        | 3 |  3.3
Armour         | |  2.4

Action                   |  1- 3 |  4- 6 || total
-------------------------+-------+-------++-------
Melee: Spear             |    86 |   135 ||   221
       Headbutt          |    18 |    22 ||    40
Invok: Trog's Hand       |     1 |     3 ||     4
       Berserk           |     1 |     3 ||     4
  Use: Potion            |     2 |     3 ||     5
       Scroll            |       |     2 ||     2
 Stab: Sleeping          |     2 |     3 ||     5
       Distracted        |       |     1 ||     1
  Eat: Chunk             |     1 |     7 ||     8
       Fruit             |       |     1 ||     1
Armor: Animal skin       |    12 |    20 ||    32
Dodge: Dodged            |    48 |    87 ||   135
